Unix NetHack Version 5.0.0-0 post-release - last build May 31 2026 13:37:37 (4f47d67043fb8e84071ad9bc9740482a2de5bd5e,branch:main).

Game began 2026-05-31 23:32:14, ended 2026-06-01 00:16:25.

Felix1, neutral male human Barbarian

                                  ------
        -------                   |....|                                 -----
        |.<....#                  |...%.#              ---------#########-...|
        |..(..|#                  |....|#           ###........-#        |...|
        |.....|#                  |....|#          ##  |.......|#       #....|
        |.....|#                  |..%.|#         ##   |.......|#       #|...|
        |.....|#                  |....|#    ####"#    --.------#       #|...|
        --|----#                  -[--.-#    #    #########  ####       #-----
          #    ###             #####  # #    #           #      #       ###
          #      #            ##      # ######           #      #         #
         ##      ###         ##    #`#  ##              ##      #         #
        ########   #         q     #     ##           --.--     #         #
      ###      ### #         #   ##`      ###       "%"...|     #         #
                 # #        ##   #          #-----  " |...|     #------.--#
                 ##########`#######         #|....### |...|     #|..(....|#
                    ##### ------.-.--       #....|    |.>.|     #|.......|#
                        # |.........|        |...|    -----     #|.......-#
                        ##..........|        --|--              #-....<..|
                          -----------          #                 ---------

Felix1 the Bandit          St:18/01 Dx:18 Co:18 In:7 Wi:7 Ch:7  Neutral
Dlvl:8  $:137 HP:0(55) Pw:13(13) AC:6  Xp:6 T:4251  Burdened

Latest messages:
 What do you want to drop? [$a-fhj-mo-zA-F or ?*] <esc>
 Never mind.
 What do you want to drop? [$a-fhj-mo-zA-F or ?*] d
 You drop 5 uncursed food rations.
 Your movements are now unencumbered.
 You have a little trouble lifting 5 uncursed food rations.  Continue? [ynq] (q) y
 You have a little trouble lifting d - 5 uncursed food rations.
 Your movements are slowed slightly because of your load.
 You find a hidden passage.
 You smite the gray ooze!
 You smite the gray ooze!
 You kill the gray ooze!
 You see here a small glob of gray ooze.
 There is a small glob of gray ooze here; eat it? [ynq] (n) y
 You have a very bad case of stomach acid.
 You finish eating the small glob of gray ooze.
 Really step into that spiked pit? [yn] (n) n
 You swap places with the peaceful saddled pony.
 The werejackal changes into a human.
 The werejackal changes into a jackal.
 The werejackal bites!
 You smite the werejackal!
 The werejackal bites!
 You kill the werejackal!
 The ogre zaps a runed wand!
 The wand misses the saddled pony.
 The wand misses you.
 You swap places with the peaceful saddled pony.
 You see here a werejackal corpse.
 The ogre wields a club!
 The ogre falls into a pit!
 The ogre zaps a runed wand!
 You smite the ogre!
 You smite the ogre!
 You kill the ogre!
 Really step into that spiked pit? [yn] (n) n
 You see here a werejackal corpse.
 Really step into that spiked pit? [yn] (n) n
 You see here a werejackal corpse.
 You hear a wolf howling at the moon.
 There is a doorway here.
 You see here a mummy wrapping.
 The mumak butts!
 The mumak bites!
 You miss the mumak.
 The mumak butts!
 You die...
 Do you want your possessions identified? [ynq] (y) y
 Do you want to see your attributes? [ynq] (y) y
 Do you want an account of creatures vanquished? [ynaq] (y) q

Inventory:
 Coins    ('$')
  $ - 137 gold pieces
 Weapons  (')')
  j - a blessed +0 orcish bow
  s - 9 +0 darts
  b - a +0 axe (alternate weapon; not wielded)
  a - a +0 two-handed sword (weapon in hands)
 Armor    ('[')
  l - a cursed -2 orcish helm (being worn)
  t - a cursed +0 pair of iron shoes (being worn)
  m - an uncursed +0 cloak of invisibility (being worn)
  c - an uncursed rusty +0 ring mail (being worn)
 Comestibles  ('%')
  y - 12 cursed apples
  z - 10 cursed carrots
  r - 2 uncursed cloves of garlic
  d - 5 uncursed food rations
  E - an uncursed lembas wafer
  A - a cursed tripe ration
 Scrolls  ('?')
  h - an uncursed scroll of scare monster
 Spellbooks  ('+')
  x - an uncursed spellbook of restore ability
 Potions  ('!')
  o - an uncursed potion of fruit juice
  p - a cursed potion of gain energy
  q - a blessed potion of levitation
  f - an uncursed potion of oil
  D - an uncursed potion of water
 Rings    ('=')
  F - an uncursed +0 ring of gain strength
  e - an uncursed +1 ring of protection
 Wands    ('/')
  C - a wand of probing (0:5)
 Tools    ('(')
  k - an uncursed blindfold
  u - a +0 pick-axe
 Gems/Stones  ('*')
  w - an uncursed agate stone
  v - an uncursed worthless piece of violet glass
  B - a cursed worthless piece of yellowish brown glass

Felix1 the Barbarian's attributes:

Background:
 You were a Bandit, a level 6 male human Barbarian.
 You were neutral, on a mission for Crom
 who was opposed by Mitra (lawful) and Set (chaotic).
 You were right-handed.
 You were in the Dungeons of Doom, on level 8.
 You entered the dungeon 4251 turns ago.
 It was the midnight hour.
 There was a full moon in effect when your adventure ended.
 You had 478 experience points, 162 more were needed to attain level 7.

Basics:
 You had 0 out of 55 hit points.
 You had all 13 energy points (spell power).
 Your armor class was 6.
 Your wallet contained 137 zorkmids.
 Autopickup was off.

Final Characteristics:
 Your strength was 18/01 (limit:18/100).
 Your dexterity was 18 (limit:18).
 Your constitution was 18 (limit:18).
 Your intelligence was 7 (limit:18).
 Your wisdom was 7 (limit:18).
 Your charisma was 7 (limit:18).

Final Status:
 You weren't hungry.
 You were burdened; movement was slightly slowed.
 You were wielding a two-handed sword.
 You had basic skill with two-handed sword and could have enhanced that.

Final Attributes:
 You were piously aligned.
 You were fire resistant.
 You were poison resistant.
 You were invisible.
 You were warded.
 You were lucky.
 You are dead.

Miscellaneous:
 You encountered 1 bones level.
 Total elapsed playing time was 43 minutes and 14 seconds.

Major events:
 Turn
    1: Felix1 the neutral male human Barbarian entered the dungeon
  912: attained the rank of Pillager (level 3)
 3309: attained the rank of Bandit (level 6)
 4064: entered Sokoban
 4251: killed by a mumak

You didn't know any spells.

Skills:
 Fighting Skills
   bare handed combat [Basic]
   two weapon combat  [Unskilled]
   riding             [Unskilled]
 Weapon Skills
   dagger             [Unskilled]
   axe                [Basic]
   pick-axe           [Unskilled]
   short sword        [Unskilled]
   broadsword         [Unskilled]
   long sword         [Unskilled]
   two-handed sword   [Basic]
   saber              [Unskilled]
   club               [Unskilled]
   mace               [Unskilled]
   morning star       [Unskilled]
   flail              [Unskilled]
   hammer             [Unskilled]
   quarterstaff       [Unskilled]
   spear              [Unskilled]
   trident            [Unskilled]
   bow                [Unskilled]
 Spellcasting Skills
   attack spells      [Unskilled]
   escape spells      [Unskilled]

Voluntary challenges:
 Character rerolling was not enabled.
 You were illiterate.
 You never genocided any monsters.
 You never polymorphed an object.
 You used no wishes.
 You did not violate any of the special Sokoban rules.
Achievements:
 You entered a shop.
 You attained the rank of Pillager.
 You attained the rank of Bandit.
 You entered Sokoban.

 The Dungeons of Doom: levels 1 to 8
    Level 1:
    Level 2:
       A general store.
    Level 3:
       A food shop, a sink.
    Level 4:
       A general store, a fountain.
    Level 5:
       A fountain, a sink, a grave.
    Level 6:
    Level 7:
       Many fountains, a grave.
       Final resting place for
          pots164-Kni-Hum-Fem-Law, slipped while mounting a saddled pony.
    Level 8: <- You were here.
       Stairs up to Sokoban, level 7.
       Final resting place for
          you, killed by a mumak.
 Sokoban:
    Level 7:
       Unsolved.


Vanquished creatures:
  2 small mimics
  a giant beetle
 an ogre
  a dog
  a jaguar
  a gnome mummy
  a bugbear
  a wood nymph
  3 rock piercers
  a fog cloud
  a yellow light
  a gnome leader
  a black naga hatchling
  2 gray oozes
  a straw golem
  a giant ant
  a dwarf
  a homunculus
  a rothe
  a giant bat
  2 dwarf zombies
  a werejackal
 an iguana
  a coyote
  4 giant rats
  a cave spider
  a red mold
  3 geckos
  a jackal
  2 foxes
  a goblin
  3 sewer rats
  2 grid bugs
  3 lichens
  5 newts
55 creatures vanquished.

No species were genocided or became extinct.

Game over:
                       ----------
                      /          \
                     /    REST    \
                    /      IN      \
                   /     PEACE      \
                  /                  \
                  |      Felix1      |
                  |      137 Au      |
                  |   killed by a    |
                  |      mumak       |
                  |                  |
                  |                  |
                  |       2026       |
                 *|     *  *  *      | *
        _________)/\\_//(\/(/\)/\//\/|_)_______

Goodbye Felix1 the Barbarian...

You died in The Dungeons of Doom on dungeon level 8 with 2442 points,
and 137 pieces of gold, after 4251 moves.
You were level 6 with a maximum of 55 hit points when you died.

